 Dungeon Crawl Stone Soup version 0.27.1-34-g3ba077fa99 (webtiles) character file.

Game seed: 8786104514095522369

364 pkoi the Insei (level 6, -4/51 HPs)
             Began as a Draconian Monk on Jan 17, 2022.
             Slain by an ogre (12 damage)
             ... on level 4 of the Dungeon.
             The game lasted 00:05:05 (5094 turns).

pkoi the Insei (Draconian Monk)                     Turns: 5094, Time: 00:05:06

Health: -4/51      AC:  6    Str: 13    XL:     6   Next: 39%
Magic:  6/6        EV: 12    Int: 19    God:
Gold:   213        SH:  0    Dex: 13    Spells: 5/5 levels left

rFire    . . .     SeeInvis .     - Unarmed
rCold    . . .     Faith    .   (no shield)
rNeg     . . .     Spirit   .   (armour unavailable)
rPois    .         Reflect  .   (helmet restricted)
rElec    .         Harm     .   (no cloak)
rCorr    .         Rampage  .   (no gloves)
Will     .....                  (no boots)
Stlth    ++........             (no amulet)
HPRegen  0.17/turn              h - +6 ring of intelligence
MPRegen  0.10/turn              (no ring)

@: attractive
A: AC +6, unfitting armour, cold-blooded
a: no special abilities


You were on level 4 of the Dungeon.
You visited 1 branch of the dungeon, and saw 5 of its levels.

You collected 213 gold pieces.

Inventory:

Hand Weapons
 b - a +2 hunting sling of flaming
Missiles
 c - 6 javelins (quivered)
 d - 19 poisoned darts
 f - 74 stones
Jewellery
 h - a +6 ring of intelligence (left hand)
 u - a ring of ice
Wands
 s - a wand of acid (8)
Scrolls
 a - a scroll of torment {unknown}
 e - 9 scrolls of identify {unknown}
 i - a scroll of noise {unknown}
 j - a scroll of brand weapon {unknown}
 k - a scroll of magic mapping {unknown}
 l - a scroll of blinking {unknown}
 m - a scroll of vulnerability {unknown}
 o - a scroll of silence {unknown}
 p - 2 scrolls of acquirement {unknown}
 q - 2 scrolls of teleportation {unknown}
Potions
 g - a potion of attraction
 n - a potion of lignification {unknown}
 r - a potion of degeneration {unknown}
 t - a potion of invisibility {unknown}
 v - a potion of brilliance {unknown}
 w - a potion of curing {unknown}
 x - a potion of heal wounds {unknown}


   Skills:
 - Level 3.2 Fighting
 - Level 2.6 Dodging
 - Level 1.7 Stealth
 + Level 7.3 Unarmed Combat


You had 5 spell levels left.
You didn't know any spells.
Your spell library contained the following spells:

 Spells                   Type           Power      Damage    Failure   Level
 Sandblast                Erth           0%         2d4       21%         1
 Blink                    Tloc           N/A        N/A       30%         2
 Passwall                 Tmut/Erth      0%         N/A       30%         2
 Lee's Rapid Deconstruct  Erth           0%         3d5*      99%         5
 Manifold Assault         Tloc           0%         N/A       99%         5
 Storm Form               Tmut/Air       0%         N/A       100%        7


Dungeon Overview and Level Annotations

Branches:
Dungeon (5/15)
 Temple: D:4-7

Altars:

Annotations:
D:4 2 runed translucent doors, eustatius's ghost, novice MiMo


Innate Abilities, Weirdness & Mutations

Your plain brown scales are hard. (AC +6)
You cannot fit into any form of body armour.
You are cold-blooded and may be slowed by cold attacks.


Message History

Your punch misses the hound.
The hound is severely wounded.
The hound misses you.
You hit the hound.
You kill the hound!
You see here a hound corpse.
You see here a hound corpse.
There is a stone staircase leading down here.
There is an open door here.
There is an open door here.
You see here a hound skeleton.
You see here a +0 ring mail.
There is a stone staircase leading down here.
You climb downwards.
The ogre barely misses you. The ogre completely misses you.
Found a stone staircase leading down.
There is a stone staircase leading up here.
Unknown command.
Unknown command.
You climb upwards.
Level annotation: 2 runed translucent doors, eustatius's ghost, novice MiMo
There is a stone staircase leading down here.
It was a potion of attraction.
You feel attractive to monsters. The ogre barely misses you.
You punch the ogre!
The ogre is moderately wounded.
The ogre hits you with a +0 giant club!!
Ouch! That really hurt!
* * * LOW HITPOINT WARNING * * *
You hit the ogre.
The ogre is heavily wounded.
You barely miss the ogre.
The ogre is heavily wounded.
The ogre hits you with a +0 giant club!
* * * LOW HITPOINT WARNING * * *
You punch the ogre!
The ogre is severely wounded.
The ogre hits you with a +0 giant club!
You die...

########### #.........#
#.#######.# ## #.# #.# ##.
#.#######.# #.#
#.........# #.# ######
#........O######## #.#
.....# ##......@........#
##.
.###.####.....).#.######.#
## .# #............#.#
##.## ####
.###.####.......#.# #...#
#... .....# ##........#
##..# #... ##.###
##...##### ##.# #..# #...#
##+### #.# #..# #...#
##...## #.# #..# #...#
##....<## ### #.# #..#


You could see an ogre.

Vanquished Creatures
  A scorpion (D:4)
  2 hounds (D:4)
  An orc priest (D:4)
  Natasha (twice) (D:2)
  An iguana (D:4)
  A hound skeleton (D:4)
  3 adders
  A worm (D:3)
  7 orcs
  5 ball pythons
  9 bats
  11 endoplasms
  2 giant cockroaches
  7 goblins
  5 hobgoblins
  9 jackals
  8 kobolds
  5 quokkas
  4 frilled lizards
  4 rats
88 creatures vanquished.

Vanquished Creatures (others)
  A plant (D:1)
1 creature vanquished.

Grand Total: 89 creatures vanquished

Notes
Turn   | Place    | Note
-------+----------+-------------------------------------------
     0 | D:1      | pkoi the Draconian Monk began the quest for the Orb.
     0 | D:1      | Reached XP level 1. HP: 19/19 MP: 1/1
   100 | D:1      | Found a faded altar of an unknown god.
   183 | D:1      | Reached XP level 2. HP: 19/26 MP: 2/2
   667 | D:1      | Reached skill level 4 in Unarmed Combat
  1124 | D:2      | Noticed Natasha
  1238 | D:2      | Reached XP level 3. HP: 31/31 MP: 3/3
  1883 | D:2      | Killed Natasha
  1884 | D:2      | Reached skill level 5 in Unarmed Combat
  1884 | D:2      | Reached XP level 4. HP: 9/38 MP: 4/4
  2436 | D:2      | Noticed Natasha
  2445 | D:2      | Killed Natasha
  3268 | D:3      | Reached XP level 5. HP: 45/45 MP: 5/5
  3925 | D:4      | Reached skill level 6 in Unarmed Combat
  4336 | D:4      | Reached XP level 6. HP: 32/51 MP: 6/6
  4685 | D:4      | Reached skill level 7 in Unarmed Combat
  4890 | D:4      | Found a runed translucent door.
  4891 | D:4      | Noticed eustatius's ghost (novice MiMo)
  4933 | D:4      | Found a runed translucent door.
  4962 | D:5      | Entered Level 5 of the Dungeon
  5094 | D:4      | Slain by an ogre

Illustrated notes

Levels and vault maps discovered:
D:1:      mrwooster_arrival_statue_3, layout_rooms, serial_aquarium,
          aquarium_bridge_square [aquarium_subvault_wall,
          aquarium_subvault_window, aquarium_subvault_bridge,
          aquarium_subvault_bridge], aquarium_window_corner,
          aquarium_window_fake, aquarium_window_corridor_2, aquarium_window_2,
          aquarium_view_2b, dreamdust_ecumenical_altar_grove
D:2:      layout_basic, minmay_misc_feat_pillars, uniq_natasha
D:3:      minmay_razor_zed, layout_basic
D:4:      layout_loops_corners, ebering_ghost_sewer_f
D:5:      layout_basic, mainiacjoe_overflow_concentric_impassable,
          fiery_altar_vehumet, chequers_serial_rivers_room_a

Skill      XL: |  1  2  3  4  5  6 |
---------------+-------------------+-----
Unarmed Combat | 4 5 6 7 |  7.3
Fighting       | |  3.2
Dodging        | |  2.6
Stealth        | |  1.7

Action                   |  1- 3 |  4- 6 || total
-------------------------+-------+-------++-------
Melee: Unarmed           |   102 |    74 ||   176
       Tailslap          |     7 |    10 ||    17
       Punch             |     1 |       ||     1
 Fire: Hunting sling     |     1 |    82 ||    83
  Use: Potion            |       |     1 ||     1
 Stab: Sleeping          |     3 |     2 ||     5
Armor: Skin              |    25 |    29 ||    54
Dodge: Dodged            |    62 |    61 ||   123
